 Dungeon Crawl Stone Soup version 0.30.1-9-gdf580d7c3d (webtiles) character file.

Game seed: 6050517565626113781

36180 btbam524 the Cleaver (level 13, -4/88 (103) HPs)
             Began as a Gnoll Reaver on Oct 11, 2023.
             Was an Initiate of Gozag.
             Slain by a wolf (7 damage)
             ... on level 5 of the Lair of Beasts.
             The game lasted 01:52:10 (19503 turns).

btbam524 the Cleaver (Gnoll Reaver)                Turns: 19503, Time: 01:52:10

HP:   -4/88 (103)   AC: 18    Str: 18    XL:     13   Next: 88%
MP:   19/27         EV: 15    Int: 13    God:    Gozag
Gold: 1953          SH:  6    Dex: 12    Spells: 13/32 levels left

rFire   . . .        J - +1 double sword (protect)
rCold   . . .        f - +0 buckler
rNeg    . . .        o - +3 leather armour
rPois   .            j - +0 helmet
rElec   .            O - +0 cloak
rCorr   .            i - +0 pair of gloves
SInv    .            N - +2 pair of boots
Will    ++...        Q - necklace of Bloodlust {Fury *Rage Will++ Int-3 Slay+6}
Stlth   ++++         l - +6 ring of strength
HPRegen 0.34/turn    S - +4 ring of protection
MPRegen 0.20/turn

%: random rage (50%)
@: on berserk cooldown, hasted and slowed, heavily drained
A: fangs 1, strong nose, distributed training
a: Renounce Religion, Potion Petition, Call Merchant, Bribe Branch


You were on level 5 of the Lair of Beasts.
You worshipped Gozag.
Gozag was most pleased with you.
You visited 4 branches of the dungeon, and saw 18 of its levels.

You collected 4408 gold pieces.
You spent 2386 gold pieces at shops.
You paid 69 gold pieces to Gozag.

Inventory:

Hand Weapons
 r - a +4 war axe
 J - a +1 double sword of protection (weapon)
Missiles
 H - 5 throwing nets
 P - 3 boomerangs
Armour
 f - a +0 buckler (worn)
 i - a +0 pair of gloves (worn)
 j - a +0 helmet (worn)
 o - a +3 leather armour (worn)
 y - a +0 pair of boots of flying
 N - a +2 pair of boots (worn)
 O - a +0 cloak (worn)
 T - a +0 robe of fire resistance
Magical Staves
 g - a staff of conjuration
 A - a staff of earth
 X - a staff of death
Jewellery
 a - a ring of ice
 c - a ring of protection from fire
 h - a ring of see invisible
 l - a +6 ring of strength (left hand)
 x - a ring of resist corrosion
 K - a ring of protection from cold
 L - an amulet of guardian spirit
 Q - the necklace of Bloodlust (around neck) {Fury *Rage Will++ Int-3 Slay+6}
   (You bought it in a shop on level 2 of the Orcish Mines)

   [amulet of nothing]

   Fury:      It extends the wearer's berserk rage when killing foes.
   Int:       It affects your intelligence (-3).
   Slay:      It affects your accuracy & damage with ranged weapons and melee
   (+6).
   *Rage:     It berserks you when you make melee attacks (+50% chance).
   Will:      It greatly increases your willpower.
 S - a +4 ring of protection (right hand)
 V - a ring of flight
Wands
 s - a wand of iceblast (6)
 F - a wand of paralysis (5)
 W - a wand of flame (21)
Scrolls
 d - 2 scrolls of vulnerability
 k - a scroll of butterflies
 m - 2 scrolls of magic mapping
 C - 2 scrolls of amnesia
 E - a scroll of brand weapon
 G - 3 scrolls of noise
 I - a scroll of silence
 U - 3 scrolls of fog
Potions
 b - a potion of flight
 e - a potion of resistance {unknown}
 p - a potion of curing
 q - 2 potions of attraction
 t - a potion of degeneration {unknown}
 z - a potion of haste
 B - 3 potions of mutation
 D - a potion of might {unknown}
 M - a potion of cancellation {unknown}
 R - 2 potions of brilliance
 Y - 2 potions of magic
 Z - a potion of lignification {unknown}
Miscellaneous
 w - a lightning rod (4/4)


   Skills:
 + Level 10.1 Fighting
 + Level 9.0 Short Blades
 + Level 9.0 Long Blades
 + Level 11.1 Axes
 + Level 9.0 Maces & Flails
 + Level 9.0 Polearms
 + Level 9.0 Staves
 + Level 9.0 Ranged Weapons
 + Level 9.0 Throwing
 + Level 9.0 Armour
 + Level 10.1 Dodging
 + Level 9.0 Stealth
 + Level 9.0 Shields
 + Level 9.0 Unarmed Combat
 + Level 10.3 Spellcasting
 + Level 9.4 Conjurations
 + Level 7.5 Hexes
 + Level 7.5 Summonings
 + Level 7.5 Necromancy
 + Level 7.5 Translocations
 + Level 7.5 Transmutations
 + Level 7.5 Fire Magic
 + Level 7.5 Ice Magic
 + Level 7.5 Air Magic
 + Level 7.5 Earth Magic
 + Level 7.5 Poison Magic
 + Level 9.8 Invocations
 + Level 9.0 Evocations


You had 13 spell levels left.
You knew the following spells:

 Your Spells              Type           Power      Damage    Failure   Level
a - Kiss of Death         Conj/Necr      100%       2d13      1%          1
b - Hailstorm             Conj/Ice       28%        3d8       1%          3
c - Momentum Strike       Conj/Tloc      56%        3d9       1%          2
d - Foxfire               Conj/Fire      100%       2x1d9     1%          1
e - Call Canine Familiar  Summ           26%        N/A       1%          3
f - Fireball              Conj/Fire      14%        3d8       13%         5
g - Petrify               Tmut/Erth      26%        N/A       7%          4

Your spell library contained the following spells:

 Spells                   Type           Power      Damage    Failure   Level
 Sublimation of Blood     Necr           26%        N/A       1%          2
 Portal Projectile        Hex/Tloc       52%        N/A       1%          3
 Leda's Liquefaction      Hex/Erth       13%        N/A       7%          4
 Irradiate                Conj/Tmut      14%        3d16      13%         5
 Blade Hands              Tmut           13%        N/A       19%         5
 Starburst                Conj/Fire      14%        6d6       56%         6
 Plasma Beam              Fire/Air       13%        2x1d26    71%         6
 Dragon Form              Tmut           13%        N/A       99%         7
 Malign Gateway           Summ/Tloc      13%        N/A       99%         7
 Summon Horrible Things   Summ           13%        N/A       100%        8


Dungeon Overview and Level Annotations

Branches:
Dungeon (10/15)            Temple (1/1) D:4            Lair (4/5) D:8
  Swamp (0/4) Lair:2       Spider (0/4) Lair:2        Slime (0/5) Lair:4
    Orc (2/2) D:10            Elf (0/3) Orc:2

Altars:
Ashenzari
Elyvilon
Fedhas
Gozag
Hepliaklqana
Kikubaaqudgha
Nemelex Xobeh
Qazlal
Ru
Sif Muna
Trog
Uskayaw
Vehumet
Wu Jian
Xom
Yredelemnul
The Shining One
Jiyva

Shops:
D:4 (   Orc:1 [   Orc:2 !===

Annotations:
D:4 3 runed translucent doors, KittyFluff's ghost, amateur GrBe


Innate Abilities, Weirdness & Mutations

You have very sharp teeth.
Your uncanny sense of smell can sniff out nearby items.
Your experience applies equally to all skills.


Message History

You block the elephant's attack.
The elephant trunk-slaps you but does no damage.
The komodo dragon bites you!
* * * LOW HITPOINT WARNING * * *
You feel better. You block the elephant's attack. The elephant trunk-slaps you.
* * * LOW HITPOINT WARNING * * *
The elephant tramples you but does no damage.
The elephant trunk-slaps you but does no damage.
The komodo dragon misses you.
Your hound bites the elephant but does no damage.
Unknown command.
You hit the elephant.
Your weapon exudes an aura of protection.
The elephant is severely wounded.
Your surroundings suddenly seem different. 3 dream sheep, 6 wolves and an elephant come into view.
Found 26 gold pieces.
The dream sheep bleats!
The wolf howls! x2
A dream sheep comes into view. x2
The dream sheep bites the fungus.
The fungus begins to die.
The dream sheep are wreathed in dream dust.
You feel drowsy...
You fall asleep.
The dream sheep bleats!
The wolf howls!
The dream sheep bleats!
The wolf bites you!
You wake up.
* * * LOW HITPOINT WARNING * * *
The dream sheep bites you but does no damage.
Unknown command.
Okay, then.
Okay, then.
The dream sheep attacks as you move away!
The dream sheep bites you.
* * * LOW HITPOINT WARNING * * *
The wolf bites you but does no damage.
The wolf pauses to sniff the ground.
The wolf misses you.
Unknown command.
The wolf attacks as you move away! You block the wolf's attack.
The wolf bites you!
You die...
Your body crumbles into a pile of gold.

#......P.# ...... .PPP..#
#P.....#.# #..... .PP....
#....#..## #..... .......
...#..P.#####P...##.......
#....P...#......#.........
.................Y......#
.......... ##....h.....#
.......... #.....h.Y...#
..........#.#...@hhYh.....
#..................Y.....#
.......#.#.P.....P.Y.....#
#.......#......#.##h..P.#.
........#P...P.#.. .....#
........#......#.. ...#.#
.....P........ ... ...###
......#....... .... .#
.........


You could see an elephant, 6 wolves and 4 dream sheep.

Vanquished Creatures
  Fannar (Lair:1)
  Erica (Lair:2)
  A two-headed ogre (Orc:2)
  A centaur warrior (D:10)
  3 orc high priests (Orc:2)
  Nergalle (D:10)
  A lindwurm (Lair:1)
  Pikel (D:7)
  A bog body (Lair:2)
  5 orc knights (Orc:2)
  6 orc sorcerers
  3 elephants (Lair:5)
  A black mamba (Lair:1)
  3 komodo dragons
  4 rime drakes
  Psyche (D:8)
  8 cane toads
  5 trolls
  A polar bear (Lair:2)
  8 blink frogs (Lair:3)
  A hornet (D:10)
  7 dream sheep (Lair:5)
  A wraith (D:9)
  6 wyverns
  36 yaks
  4 steam dragons
  7 wargs
  4 water moccasins
  A black bear (D:6)
  14 orc warriors
  An ice beast (D:6)
  2 sky beasts
  25 wolves
  5 ogres
  3 centaurs
  4 kobold brigands
  10 bullfrogs
  A gnoll sergeant (D:10)
  2 scorpions
  16 wights
  4 howler monkeys
  8 jellies
  2 electric eels (D:10)
  4 hounds
  Crazy Yiuf (D:6)
  12 orc priests
  Jessica (D:2)
  7 iguanas
  A sleepcap (D:6)
  14 orc wizards
  15 gnolls
  7 adders
  A white imp (D:8)
  2 ufetubi
  A worm (D:4)
  A dart slug (D:5)
  40 orcs
  5 endoplasms
  A giant cockroach (D:4)
  10 goblins
  6 hobgoblins
  3 jackals (D:4)
  A quokka (D:2)
  9 ball pythons
  2 bats
  4 frilled lizards
  15 kobolds
  7 rats
390 creatures vanquished.

Vanquished Creatures (collateral kills)
  An orc wizard (Orc:2)
  An orc (D:9)
2 creatures vanquished.

Vanquished Creatures (others)
  An adder (D:6)
  41 foxfires
42 creatures vanquished.

Grand Total: 434 creatures vanquished

Notes
Turn   | Place    | Note
-------+----------+-------------------------------------------
     0 | D:1      | btbam524 the Gnoll Reaver began the quest for the Orb.
     0 | D:1      | Reached XP level 1. HP: 20/20 MP: 6/6
   158 | D:2      | Noticed Jessica
   270 | D:1      | Reached XP level 2. HP: 26/26 MP: 7/7
   790 | D:2      | Killed Jessica
   791 | D:2      | Reached skill level 5 in Spellcasting
   791 | D:2      | Reached skill level 1 in Invocations
   791 | D:2      | Reached XP level 3. HP: 19/28 MP: 5/9
   793 | D:2      | Reached skill level 1 in Short Blades
   793 | D:2      | Reached skill level 1 in Long Blades
   793 | D:2      | Reached skill level 1 in Maces & Flails
   793 | D:2      | Reached skill level 1 in Polearms
   793 | D:2      | Reached skill level 1 in Staves
   793 | D:2      | Reached skill level 1 in Ranged Weapons
   793 | D:2      | Reached skill level 1 in Throwing
   793 | D:2      | Reached skill level 1 in Armour
   793 | D:2      | Reached skill level 1 in Stealth
   793 | D:2      | Reached skill level 1 in Shields
   793 | D:2      | Reached skill level 1 in Unarmed Combat
   793 | D:2      | Reached skill level 1 in Evocations
  1053 | D:3      | Found a faded altar of an unknown god.
  1173 | D:3      | Reached skill level 1 in Hexes
  1173 | D:3      | Reached skill level 1 in Summonings
  1173 | D:3      | Reached skill level 1 in Necromancy
  1173 | D:3      | Reached skill level 1 in Translocations
  1173 | D:3      | Reached skill level 1 in Transmutations
  1173 | D:3      | Reached skill level 1 in Fire Magic
  1173 | D:3      | Reached skill level 1 in Ice Magic
  1173 | D:3      | Reached skill level 1 in Air Magic
  1173 | D:3      | Reached skill level 1 in Earth Magic
  1173 | D:3      | Reached skill level 1 in Poison Magic
  1173 | D:3      | Reached XP level 4. HP: 27/33 MP: 9/11
  1191 | D:3      | Learned a level 3 spell: Hailstorm
  1194 | D:3      | Learned a level 2 spell: Momentum Strike
  1561 | D:2      | Reached XP level 5. HP: 40/41 MP: 12/12
  2461 | D:4      | Found an opulent altar of Gozag.
  2468 | D:4      | Became a worshipper of Gozag Ym Sagoz the Greedy
  2507 | D:4      | Found a staircase to the Ecumenical Temple.
  2517 | Temple   | Entered the Ecumenical Temple
  2721 | D:4      | Reached XP level 6. HP: 23/50 MP: 9/14
  2781 | D:4      | Reached skill level 5 in Fighting
  2781 | D:4      | Reached skill level 5 in Dodging
  2854 | D:4      | Found Doagal's Antique Weapon Emporium.
  3320 | D:4      | Identified the +0 leather armour of Uskayaw's Supremacy
                  | {SInv}
  3322 | D:4      | Noticed KittyFluff's ghost (amateur GrBe)
  3323 | D:4      | Found a runed translucent gate.
  3330 | D:4      | Found a runed translucent gate.
  3330 | D:4      | Found a runed translucent gate.
  3393 | D:5      | Entered Level 5 of the Dungeon
  3542 | D:5      | Reached skill level 7 in Axes
  3542 | D:5      | Reached XP level 7. HP: 47/56 MP: 15/15
  4382 | D:4      | Bought a runed double sword for 432 gold pieces
  4418 | D:6      | Reached XP level 8. HP: 50/62 MP: 16/16
  4653 | D:6      | Learned a level 1 spell: Foxfire
  5223 | D:6      | Found a runed translucent door.
  5224 | D:6      | Noticed Crazy Yiuf
  5233 | D:6      | Killed Crazy Yiuf
  5376 | D:7      | Reached XP level 9. HP: 63/69 MP: 15/18
  5771 | D:7      | Found a stormy altar of Qazlal.
  6129 | D:7      | Noticed Pikel
  6135 | D:7      | Killed Pikel
  6136 | D:7      | Reached skill level 8 in Axes
  6207 | D:7      | Reached skill level 5 in Invocations
  6555 | D:8      | Found a bloodstained altar of Trog.
  6636 | D:9      | Noticed a troll
  6785 | D:8      | Learned a level 3 spell: Call Canine Familiar
  7094 | D:8      | Found a white marble altar of Elyvilon.
  7125 | D:8      | You are sucked into a shaft and drop 2 floors!
  7125 | D:10     | Entered Level 10 of the Dungeon
  7185 | D:10     | Noticed Nergalle
  7392 | D:10     | Noticed a centaur warrior
  7415 | D:10     | Noticed a hornet
  7752 | D:8      | Reached skill level 5 in Short Blades
  7752 | D:8      | Reached skill level 5 in Long Blades
  7752 | D:8      | Reached skill level 5 in Maces & Flails
  7752 | D:8      | Reached skill level 5 in Polearms
  7752 | D:8      | Reached skill level 5 in Staves
  7752 | D:8      | Reached skill level 5 in Ranged Weapons
  7752 | D:8      | Reached skill level 5 in Throwing
  7752 | D:8      | Reached skill level 5 in Armour
  7752 | D:8      | Reached skill level 5 in Stealth
  7752 | D:8      | Reached skill level 5 in Shields
  7752 | D:8      | Reached skill level 5 in Unarmed Combat
  7752 | D:8      | Reached skill level 5 in Evocations
  7752 | D:8      | Reached XP level 10. HP: 57/71 MP: 16/20
  7984 | D:8      | Found a staircase to the Lair.
  8100 | Lair:1   | Entered Level 1 of the Lair of Beasts
  8223 | Lair:1   | Noticed Fannar
  8619 | Lair:1   | Killed Fannar
  8958 | Lair:1   | Noticed a cane toad
  9289 | D:8      | Noticed Psyche
  9293 | D:8      | Killed Psyche
  9629 | D:8      | Reached skill level 9 in Axes
  9724 | D:9      | Reached skill level 5 in Hexes
  9724 | D:9      | Reached skill level 5 in Summonings
  9724 | D:9      | Reached skill level 5 in Necromancy
  9724 | D:9      | Reached skill level 5 in Translocations
  9724 | D:9      | Reached skill level 5 in Transmutations
  9724 | D:9      | Reached skill level 5 in Fire Magic
  9724 | D:9      | Reached skill level 5 in Ice Magic
  9724 | D:9      | Reached skill level 5 in Air Magic
  9724 | D:9      | Reached skill level 5 in Earth Magic
  9724 | D:9      | Reached skill level 5 in Poison Magic
  9773 | D:9      | Reached XP level 11. HP: 60/79 MP: 17/22
 10114 | D:9      | Found a broken altar of Ashenzari.
 11304 | D:10     | Killed a centaur warrior
 11410 | D:10     | Found a staircase to the Orcish Mines.
 11420 | Orc:1    | Entered Level 1 of the Orcish Mines
 11544 | D:10     | Killed Nergalle
 11820 | Orc:1    | Noticed an orc sorcerer
 11824 | Orc:1    | Paralysed by an orc sorcerer for 5 turns
 11832 | Orc:1    | Killed an orc sorcerer
 12057 | Orc:2    | Entered Level 2 of the Orcish Mines
 12455 | Orc:2    | Noticed an orc knight
 12652 | Orc:2    | Noticed a two-headed ogre
 12756 | Orc:2    | Found a staircase to the Elven Halls.
 12777 | Orc:2    | Noticed an orc sorcerer
 12801 | Orc:2    | Killed a two-headed ogre
 12928 | Orc:2    | HP: 3/84 [ogre/+0 giant club (6)]
 12940 | Orc:2    | Noticed a soul eater
 12946 | Orc:2    | Killed an orc sorcerer
 13703 | Orc:2    | Killed an orc knight
 13704 | Orc:2    | Reached XP level 12. HP: 64/94 MP: 10/24
 13884 | Orc:2    | Noticed an orc high priest
 13884 | Orc:2    | Noticed an orc high priest
 13919 | Orc:2    | HP: 1/94 [orc high priest/+0 scimitar (21)]
 13921 | Orc:2    | Killed an orc high priest
 13922 | Orc:2    | Killed an orc high priest
 13924 | Orc:2    | Reached skill level 10 in Axes
 14200 | Orc:2    | Noticed an orc high priest
 14303 | Orc:2    | Paralysed by an orc sorcerer for 5 turns
 14829 | Orc:2    | Paralysed by an orc sorcerer for 5 turns
 14952 | Orc:2    | Found Tukkao Barch's Jewellery Emporium.
 14956 | Orc:2    | Found Eserphog's Jewellery Shop.
 14995 | Orc:2    | Found Qeavekep's Jewellery Shop.
 14997 | Orc:2    | Found Cesut's Distillery.
 15003 | Orc:2    | Bought a +6 ring of strength for 540 gold pieces
 15006 | Orc:2    | Bought a potion of curing for 36 gold pieces
 15006 | Orc:2    | Bought a potion of curing for 36 gold pieces
 15006 | Orc:2    | Bought a potion of heal wounds for 60 gold pieces
 15006 | Orc:2    | Bought a potion of brilliance for 48 gold pieces
 15006 | Orc:2    | Bought a potion of mutation for 96 gold pieces
 15020 | Orc:2    | Bought the necklace of Bloodlust {Fury *Rage Will++ Int-3
                  | Slay+6} for 634 gold pieces
 15020 | Orc:2    | Found the necklace of Bloodlust {Fury *Rage Will++ Int-3
                  | Slay+6}
 15032 | Orc:2    | Bought a +4 ring of protection for 504 gold pieces
 15072 | Orc:2    | Killed an orc high priest
 15243 | Orc:1    | Found Jicsau's Antique Armour Emporium.
 16579 | Lair:1   | Learned a level 5 spell: Fireball
 16594 | Lair:1   | Reached XP level 13. HP: 101/101 MP: 26/26
 17302 | Lair:2   | Noticed Erica
 17309 | Lair:2   | Killed Erica
 17355 | Lair:1   | Learned a level 4 spell: Petrify
 17811 | Lair:2   | Found a hole to the Spider Nest.
 17949 | Lair:2   | Reached skill level 10 in Spellcasting
 18048 | Lair:2   | Found a staircase to the Swamp.
 18794 | Lair:3   | Reached skill level 10 in Fighting
 18794 | Lair:3   | Reached skill level 11 in Axes
 18794 | Lair:3   | Reached skill level 10 in Dodging
 18927 | Lair:3   | Found a glowing golden altar of the Shining One.
 19295 | Lair:4   | Found a viscous altar of Jiyva.
 19295 | Lair:4   | Found a staircase to the Slime Pits.
 19337 | Lair:4   | You fall into a shaft and drop 1 floor!
 19337 | Lair:5   | Entered Level 5 of the Lair of Beasts
 19502 | Lair:5   | HP: 3/88 [dream sheep (2)]
 19503 | Lair:5   | Slain by a wolf

Illustrated notes

Levels and vault maps discovered:
D:1:      lightli_arrival_boilingwater, layout_loops_ring
D:2:      layout_rooms, serial_glass, glass_columns_a, glass_columns_b,
          uniq_jessica
D:3:      layout_loops_ring, shapermc_ecumenical_altar_mp_vishouse
D:4:      layout_basic, grunt_gozag_statues, minmay_temple_entry_butterflies,
          serial_shops, nicolae_stop_n_shop_1, biasface_ghost_orc_armoury,
          serial_co_window_serial, co_window_of_opportunity_a,
          co_window_paths_b, co_window_paths_a, co_window_paths_a,
          co_window_paths_a, co_window_paths_a, co_window_of_opportunity_a,
          co_window_broadway_c, co_window_2corner, co_window_broadway_a,
          co_window_paths_d, glass_columns_c, glass_columns_b, glass_columns_a,
          glass_columns_a, corexii_item_surrounded_by_moat
D:5:      layout_basic
D:6:      layout_rooms, nrook_loot_triangle, minmay_stone_trees_medium,
          uniq_crazy_yiuf_cottage
D:7:      layout_basic, mainiacjoe_overflow_alcove_4, nicolae_titane, uniq_pikel
D:8:      layout_basic, trog_butcher_becter, elyvilon_altar_5,
          david_lair_shrubbed, uniq_psyche
D:9:      layout_gridville, overflow_temple_1_default, dreamdust_wishing_well
D:10:     layout_loops_ring, kennysheep_mini_moat, serial_bayou,
          serial_bayou_shore_b, serial_bayou_shore_a, serial_bayou_pond_b,
          serial_bayou_lagoon_a, serial_bayou_crossing, serial_bayou_pond_d,
          uniq_nergalle
Temple:   nicolae_temple_x_marks_the_god
Lair:1:   layout_regular_city, uniq_fannar
Lair:2:   layout_misc_corridors, skrybe_swamp_entry_bodies, dummy_spider_entry,
          uniq_erica
Lair:3:   layout_roguey, basic_altar, chequers_serial_rivers_small_3,
          patterned_corridor
Lair:4:   layout_hall_layers, nicolae_slime_entry_slimehenge,
          lemuel_fruit_fields
Lair:5:   cheibrodos_lair_end_hotspot, layout_layer_cave
Orc:1:    layout_caves, serial_shops, nicolae_shop_rolling_square
Orc:2:    st_orc_elflike, layout_diamond_mine, special_room, mines5_lemuel

Skill      XL: |  1  2  3  4  5  6  7  8  9 10 11 12 13 |
---------------+----------------------------------------+-----
Spellcasting   | 5 6 7 8 9 10 | 10.3
Invocations    | 1 2 3 4 5 6 7 8 9 |  9.8
Short Blades   | 1 2 3 5 6 7 8 9 |  9.0
Long Blades    | 1 2 3 5 6 7 8 9 |  9.0
Maces & Flails | 1 2 3 5 6 7 8 9 |  9.0
Polearms       | 1 2 3 5 6 7 8 9 |  9.0
Staves         | 1 2 3 5 6 7 8 9 |  9.0
Ranged Weapons | 1 2 3 5 6 7 8 9 |  9.0
Throwing       | 1 2 3 5 6 7 8 9 |  9.0
Armour         | 1 2 3 5 6 7 8 9 |  9.0
Stealth        | 1 2 3 5 6 7 8 9 |  9.0
Shields        | 1 2 3 5 6 7 8 9 |  9.0
Unarmed Combat | 1 2 3 5 6 7 8 9 |  9.0
Evocations     | 1 2 3 5 6 7 8 9 |  9.0
Hexes          | 1 2 3 4 5 6 7 |  7.5
Summonings     | 1 2 3 4 5 6 7 |  7.5
Necromancy     | 1 2 3 4 5 6 7 |  7.5
Translocations | 1 2 3 4 5 6 7 |  7.5
Transmutations | 1 2 3 4 5 6 7 |  7.5
Fire Magic     | 1 2 3 4 5 6 7 |  7.5
Ice Magic      | 1 2 3 4 5 6 7 |  7.5
Air Magic      | 1 2 3 4 5 6 7 |  7.5
Earth Magic    | 1 2 3 4 5 6 7 |  7.5
Poison Magic   | 1 2 3 4 5 6 7 |  7.5
Fighting       | 5 6 7 8 9 10 | 10.1
Dodging        | 5 6 7 8 9 10 | 10.1
Axes           | 7 8 9 10 11 | 11.1
Conjurations   | 6 7 8 9 |  9.4

Action                     |  1- 3 |  4- 6 |  7- 9 | 10-12 | 13-15 || total
---------------------------+-------+-------+-------+-------+-------++-------
  Melee: Hand axe          |    56 |       |       |       |       ||    56
         Bite              |     5 |    11 |    21 |    92 |    42 ||   171
         Falchion          |    29 |    52 |    86 |       |       ||   167
         Halberd           |       |    50 |       |       |       ||    50
         Flail             |       |    65 |    23 |       |       ||    88
         Punch             |       |     1 |     5 |     2 |       ||     8
         Double sword      |       |       |    85 |   739 |   302 ||  1126
         War axe           |       |       |     8 |    18 |       ||    26
   Cast: Kiss of Death     |     3 |     1 |     1 |     6 |     2 ||    13
         Momentum Strike   |       |     3 |    20 |    38 |     2 ||    63
         Hailstorm         |       |     1 |    24 |    24 |       ||    49
         Foxfire           |       |       |    16 |     8 |       ||    24
         Call Canine Famil |       |       |     2 |     8 |     1 ||    11
         Petrify           |       |       |       |       |     1 ||     1
  Evoke: Wand              |       |       |       |     5 |       ||     5
         Lightning rod     |       |       |       |     3 |       ||     3
    Use: Scroll            |       |     8 |    13 |     3 |     4 ||    28
         Potion            |       |     2 |    10 |    11 |     4 ||    27
   Stab: Sleeping          |       |     1 |     5 |     2 |     7 ||    15
         Distracted        |       |       |       |     6 |     2 ||     8
         Paralysed         |       |       |       |    14 |       ||    14
 Armour: Ring mail         |    45 |    73 |   108 |   293 |       ||   519
         Leather armour    |       |       |       |   106 |   182 ||   288
         Plate armour      |       |       |       |     1 |       ||     1
  Dodge: Dodged            |    68 |   104 |   195 |   521 |   297 ||  1185
  Block: Buckler           |       |       |       |   217 |   114 ||   331
